General information
- name: BNet
- type: Ladder team game (AT/RT)
- host: Battle.net
- saver: sc2no.wc4yes
map: Slalom
- players: 8
- length: 47:52
- speed: Fast
- version: 1.26 W3XP
- replay type: Public
» download(230 KB)
Players
team 1 (winner)

»
sc2no.wc4yes (
orange | 70 APM | 3357 actions | 47:52)
10 Blademaster
3 Wind Walk
3 Critical Strike
1 Bladestorm
3 Mirror Image
» actions
| Assign group hotkey | 73 | |
| Basic commands | 351 | |
| Build / train | 137 | |
| ESC pressed | 9 | |
| Enter build submenu | 145 | |
| Enter hero's abilities submenu | 10 | |
| Give item / drop item | 7 | |
| Remove unit from queue | 1 | |
| Right click | 1056 | |
| Select / deselect | 381 | |
| Select group hotkey | 832 | |
| Use ability | 355 | |
3357 total
» units
| Peon | 71 | |
| Wind Rider | 6 | |
| Spell Breaker | 4 | |
81 total
» upgrades
| Spiked Barricades | 4 | |
| Reinforced Defenses | 1 | |
| Ranged Weapons | 3 | |
| Armor | 4 | |
| Liquid Fire | 1 | |
| Envenomed Spears | 1 | |
| Control Magic | 1 | |
| Swords | 1 | |
16 total
» buildings
| Altar of Storms | 1 | |
| Orc Burrow | 8 | |
| War Mill | 70 | |
| Voodoo Lounge | 2 | |
| Watch Tower | 108 | |
| Great Hall | 1 | |
| Stronghold | 1 | |
| Fortress | 2 | |
| Beastiary | 10 | |
203 total
» build order
00:09 Altar of Storms
00:13 Orc Burrow
00:53 War Mill
01:41 Orc Burrow
01:44 Orc Burrow
02:22 Voodoo Lounge
03:07 Watch Tower
03:36 Watch Tower
04:00 Great Hall
04:46 Watch Tower
04:49 Stronghold
05:52 Watch Tower
06:05 Watch Tower
06:05 Watch Tower
06:06 Watch Tower
06:57 Watch Tower
07:10 Watch Tower
07:11 Watch Tower
07:12 Watch Tower
07:18 Fortress
07:19 Fortress
07:56 Watch Tower
08:16 Watch Tower
08:17 Watch Tower
08:18 Watch Tower
08:20 Watch Tower
09:03 Watch Tower
09:07 Watch Tower
09:07 Watch Tower
09:08 Watch Tower
09:09 Watch Tower
09:25 Watch Tower
09:26 Watch Tower
10:07 Watch Tower
10:19 Watch Tower
10:21 Watch Tower
10:23 Watch Tower
10:48 Voodoo Lounge
10:55 Watch Tower
10:57 Watch Tower
11:17 Watch Tower
11:20 Orc Burrow
11:21 Orc Burrow
11:39 War Mill
12:35 Watch Tower
12:36 Watch Tower
12:51 Watch Tower
12:51 Watch Tower
12:52 Watch Tower
12:55 Watch Tower
13:05 Watch Tower
13:49 Watch Tower
13:54 Watch Tower
13:54 Watch Tower
13:54 Watch Tower
13:55 Watch Tower
13:55 Watch Tower
14:11 Watch Tower
14:16 Beastiary
14:18 Beastiary
14:33 Beastiary
15:04 Watch Tower
15:11 Orc Burrow
15:11 Orc Burrow
15:13 Beastiary
15:21 War Mill
16:05 Beastiary
16:07 Beastiary
16:28 Watch Tower
16:33 Watch Tower
16:42 Watch Tower
16:42 Watch Tower
16:49 Watch Tower
16:53 Watch Tower
17:14 Watch Tower
17:14 Watch Tower
17:14 Watch Tower
17:18 Watch Tower
17:19 Watch Tower
17:19 Watch Tower
17:53 Watch Tower
17:58 Watch Tower
17:59 Watch Tower
17:59 Watch Tower
17:59 Watch Tower
18:00 Watch Tower
18:17 Watch Tower
18:21 Watch Tower
18:23 Watch Tower
18:24 Watch Tower
18:26 Watch Tower
18:26 Watch Tower
18:26 Watch Tower
18:27 Watch Tower
18:27 Watch Tower
18:27 Watch Tower
18:32 Watch Tower
18:33 Watch Tower
18:33 Watch Tower
18:33 Watch Tower
19:11 Watch Tower
19:11 Watch Tower
19:38 Watch Tower
19:38 Watch Tower
19:38 Watch Tower
19:42 Watch Tower
19:42 Watch Tower
19:43 Watch Tower
19:49 Watch Tower
19:49 Watch Tower
19:49 Watch Tower
19:50 Watch Tower
19:53 Watch Tower
19:54 Watch Tower
19:54 Watch Tower
20:17 War Mill
20:39 Watch Tower
20:39 Watch Tower
20:40 Watch Tower
20:40 Watch Tower
20:54 Watch Tower
22:22 War Mill
22:23 War Mill
22:23 War Mill
22:23 War Mill
22:23 War Mill
22:24 War Mill
22:24 War Mill
22:24 War Mill
22:24 War Mill
22:25 War Mill
22:25 War Mill
22:25 War Mill
22:25 War Mill
22:26 War Mill
22:26 War Mill
23:21 Watch Tower
23:21 Watch Tower
23:22 Watch Tower
23:24 Watch Tower
23:24 Watch Tower
23:26 Watch Tower
23:27 Watch Tower
23:28 Watch Tower
23:29 Watch Tower
23:30 Watch Tower
25:29 War Mill
25:30 War Mill
25:30 War Mill
25:30 War Mill
25:30 War Mill
25:31 War Mill
25:31 War Mill
25:46 War Mill
25:46 War Mill
25:47 War Mill
25:47 War Mill
25:47 War Mill
26:12 War Mill
26:13 War Mill
26:13 War Mill
26:13 War Mill
26:37 War Mill
26:37 War Mill
26:38 War Mill
27:50 War Mill
27:50 War Mill
27:50 War Mill
27:51 War Mill
27:51 War Mill
27:51 War Mill
27:51 War Mill
27:52 War Mill
29:00 War Mill
29:00 War Mill
29:00 War Mill
29:00 War Mill
29:01 War Mill
29:01 War Mill
29:01 War Mill
29:01 War Mill
29:05 Beastiary
29:06 Beastiary
29:07 Beastiary
29:09 Beastiary
45:27 Orc Burrow
» items
| Healing Salve | 3 | |
| Lesser Clarity Potion | 4 | |
| Boots of Speed | 1 | |
| Staff of Teleportation | 2 | |
| Tiny Great Hall | 2 | |
| Orb of Lightning | 1 | |
| Scroll of Town Portal | 3 | |
| Potion of Lesser Invulnerability | 3 | |
| Staff of Sanctuary | 1 | |
20 total

»
NlGGERS. (
blue | 20 APM | 963 actions | 47:50)
5 Blademaster
2 Wind Walk
3 Critical Strike
7 Tauren Chieftain
3 Endurance Aura
3 War Stomp
1 Reincarnation
» actions
| Basic commands | 14 | |
| Build / train | 75 | |
| Enter build submenu | 15 | |
| Enter hero's abilities submenu | 12 | |
| Give item / drop item | 5 | |
| Remove unit from queue | 3 | |
| Right click | 431 | |
| Select / deselect | 303 | |
| Use ability | 105 | |
963 total
» units
| Peon | 7 | |
| Grunt | 4 | |
| Shaman | 8 | |
| Tauren | 5 | |
| Troll Witch Doctor | 6 | |
| Mortar Team | 1 | |
31 total
» upgrades
| Melee Weapons | 3 | |
| Armor | 3 | |
| Shaman Training | 2 | |
| Witch Doctor Training | 2 | |
| Pulverize | 1 | |
| Spirit Walker Training | 1 | |
12 total
» buildings
| Altar of Storms | 1 | |
| Barracks | 1 | |
| Orc Burrow | 7 | |
| War Mill | 1 | |
| Stronghold | 1 | |
| Fortress | 1 | |
| Spirit Lodge | 2 | |
| Tauren Totem | 1 | |
15 total
» build order
00:13 Altar of Storms
00:16 Barracks
00:25 Orc Burrow
01:42 Orc Burrow
02:52 War Mill
03:23 Stronghold
05:57 Fortress
06:06 Spirit Lodge
06:09 Orc Burrow
07:21 Spirit Lodge
08:17 Orc Burrow
08:23 Tauren Totem
09:51 Orc Burrow
11:05 Orc Burrow
16:36 Orc Burrow
» items
| Scroll of Regeneration | 3 | |
| Mechanical Critter | 2 | |
| Healing Salve | 1 | |
| Orb of Lightning | 1 | |
| Orb of Fire | 1 | |
| Potion of Healing | 1 | |
9 total
DaProblem101 (
pink | 21 APM | 1003 actions | 47:50)
7 Priestess of the Moon
3 Scout
3 Trueshot Aura
1 Starfall
» actions
| Basic commands | 12 | |
| Build / train | 101 | |
| Enter build submenu | 26 | |
| Enter hero's abilities submenu | 8 | |
| Remove unit from queue | 5 | |
| Right click | 316 | |
| Select / deselect | 461 | |
| Use ability | 74 | |
1003 total
» units
| Wisp | 21 | |
| Archer | 27 | |
| Hippogryph | 12 | |
| Priest | 4 | |
64 total
» upgrades
| Strength of the Moon | 3 | |
| Moon Armor | 3 | |
| Nature's Blessing | 1 | |
| Hippogryph Taming | 1 | |
| Strength of the Wild | 3 | |
| Reinforced Hides | 3 | |
| Improved Bows | 1 | |
| Marksmanship | 1 | |
| Well Spring | 1 | |
| Ultravision | 1 | |
| Magic Sentry | 1 | |
19 total
» buildings
| Moon Well | 14 | |
| Altar of Elders | 1 | |
| Ancient of War | 1 | |
| Tree of Ages | 1 | |
| Ancient of Wonders | 1 | |
| Hunter's Hall | 1 | |
| Ancient of Wind | 2 | |
| Tree of Eternity | 1 | |
| Tree of Life | 1 | |
23 total
» build order
00:16 Moon Well
00:26 Altar of Elders
00:48 Ancient of War
01:34 Moon Well
02:24 Moon Well
03:23 Moon Well
04:06 Moon Well
04:37 Tree of Ages
05:16 Ancient of Wonders
05:27 Hunter's Hall
07:06 Moon Well
07:10 Moon Well
07:22 Ancient of Wind
07:30 Ancient of Wind
08:18 Moon Well
09:24 Moon Well
10:25 Tree of Eternity
11:49 Moon Well
12:18 Tree of Life
14:51 Moon Well
16:40 Moon Well
20:50 Moon Well
25:51 Moon Well
» items
daddyo (
green | 32 APM | 868 actions | 26:56)
4 Mountain King
1 Storm Bolt
2 Bash
1 Thunder Clap
3 Paladin
1 Divine Shield
1 Holy Light
1 Devotion Aura
» actions
| Assign group hotkey | 9 | |
| Build / train | 127 | |
| Enter build submenu | 36 | |
| Enter hero's abilities submenu | 7 | |
| Give item / drop item | 1 | |
| Right click | 226 | |
| Select / deselect | 394 | |
| Select group hotkey | 13 | |
| Use ability | 55 | |
868 total
» units
| Peasant | 19 | |
| Priest | 14 | |
| Flying Machine | 33 | |
| Sorceress | 6 | |
| Mortar Team | 7 | |
| Siege Engine | 2 | |
81 total
» upgrades
| Masonry | 3 | |
| Plating | 3 | |
| Gunpowder | 3 | |
| Lumber Harvesting | 2 | |
| Priest Training | 2 | |
| Sorceress Training | 2 | |
| Flying Machine Bombs | 1 | |
| Flak Cannons | 1 | |
| Barrage | 1 | |
18 total
» buildings
| Altar of Kings | 1 | |
| Scout Tower | 11 | |
| Farm | 9 | |
| Arcane Tower | 6 | |
| Blacksmith | 1 | |
| Arcane Vault | 1 | |
| Keep | 1 | |
| Lumber Mill | 1 | |
| Town Hall | 1 | |
| Guard Tower | 5 | |
| Castle | 1 | |
| Arcane Sanctum | 2 | |
| Workshop | 3 | |
43 total
» build order
00:28 Altar of Kings
01:18 Scout Tower
01:27 Farm
01:46 Scout Tower
01:48 Arcane Tower
02:13 Farm
02:14 Arcane Tower
02:23 Scout Tower
02:50 Arcane Tower
02:54 Farm
02:59 Scout Tower
03:27 Arcane Tower
03:33 Scout Tower
03:39 Farm
04:04 Arcane Tower
04:32 Blacksmith
04:53 Arcane Vault
05:05 Keep
05:09 Lumber Mill
05:39 Scout Tower
06:11 Arcane Tower
06:29 Town Hall
06:47 Scout Tower
07:20 Guard Tower
07:22 Scout Tower
07:29 Castle
07:51 Arcane Sanctum
07:53 Guard Tower
09:11 Scout Tower
09:40 Farm
09:56 Guard Tower
10:03 Scout Tower
10:50 Guard Tower
10:53 Farm
10:59 Scout Tower
11:29 Guard Tower
11:33 Workshop
12:43 Workshop
12:47 Arcane Sanctum
15:04 Farm
16:15 Farm
17:44 Farm
18:30 Workshop
» items
| Orb of Fire | 2 | |
| Scroll of Town Portal | 1 | |
| Potion of Mana | 2 | |
| Lesser Clarity Potion | 1 | |
6 total
team 2 (loser)

»
omfgnoway (
purple | 28 APM | 835 actions | 30:12)
5 Blademaster
3 Critical Strike
1 Wind Walk
1 Mirror Image
4 Shadow Hunter
2 Healing Wave
2 Hex
» actions
| Build / train | 73 | |
| Enter build submenu | 16 | |
| Enter hero's abilities submenu | 9 | |
| Right click | 370 | |
| Select / deselect | 292 | |
| Use ability | 75 | |
835 total
» units
| Peon | 15 | |
| Grunt | 6 | |
| Shaman | 4 | |
| Troll Witch Doctor | 7 | |
| Tauren | 10 | |
| Gryphon Rider | 3 | |
45 total
» upgrades
| Armor | 2 | |
| Shaman Training | 2 | |
| Witch Doctor Training | 2 | |
| Berserker Strength | 1 | |
| Melee Weapons | 1 | |
| Pulverize | 1 | |
| Spiked Barricades | 1 | |
10 total
» buildings
| Altar of Storms | 1 | |
| Orc Burrow | 8 | |
| Barracks | 1 | |
| Voodoo Lounge | 1 | |
| War Mill | 1 | |
| Stronghold | 1 | |
| Spirit Lodge | 1 | |
| Fortress | 1 | |
| Tauren Totem | 2 | |
| Great Hall | 1 | |
18 total
» build order
00:09 Altar of Storms
00:19 Orc Burrow
00:38 Barracks
01:37 Orc Burrow
02:03 Voodoo Lounge
02:27 War Mill
03:16 Stronghold
03:49 Orc Burrow
05:26 Orc Burrow
05:44 Spirit Lodge
06:40 Fortress
07:58 Orc Burrow
09:13 Tauren Totem
10:05 Tauren Totem
11:20 Orc Burrow
12:53 Orc Burrow
12:57 Orc Burrow
22:16 Great Hall
» items
| Healing Salve | 2 | |
| Lesser Clarity Potion | 1 | |
| Scroll of Regeneration | 1 | |
4 total
redbull-warrior (
yellow | 63 APM | 1569 actions | 25:04)
4 Archmage
2 Summon Water Elemental
2 Brilliance Aura
» actions
| Assign group hotkey | 29 | |
| Basic commands | 1 | |
| Build / train | 98 | |
| Enter build submenu | 27 | |
| Enter hero's abilities submenu | 4 | |
| Give item / drop item | 3 | |
| Right click | 521 | |
| Select / deselect | 248 | |
| Select group hotkey | 518 | |
| Use ability | 120 | |
1569 total
» units
| Peasant | 23 | |
| Footman | 6 | |
| Gryphon Rider | 3 | |
32 total
» upgrades
| Masonry | 3 | |
| Lumber Harvesting | 2 | |
| Swords | 3 | |
| Animal War Training | 1 | |
| Armor | 3 | |
| Storm Hammers | 1 | |
13 total
» buildings
| Altar of Kings | 1 | |
| Barracks | 1 | |
| Farm | 12 | |
| Scout Tower | 39 | |
| Arcane Tower | 1 | |
| Lumber Mill | 1 | |
| Town Hall | 3 | |
| Keep | 2 | |
| Arcane Vault | 2 | |
| Guard Tower | 25 | |
| Blacksmith | 1 | |
| Castle | 1 | |
| Gryphon Aviary | 2 | |
| Arcane Sanctum | 1 | |
92 total
» build order
00:10 Altar of Kings
00:21 Barracks
00:38 Farm
00:52 Farm
01:32 Farm
01:40 Scout Tower
02:12 Arcane Tower
02:51 Farm
03:15 Lumber Mill
04:27 Town Hall
04:30 Keep
04:31 Keep
04:33 Town Hall
04:36 Scout Tower
04:37 Scout Tower
04:39 Scout Tower
04:55 Arcane Vault
05:29 Guard Tower
06:15 Blacksmith
06:43 Guard Tower
06:48 Scout Tower
06:49 Scout Tower
06:50 Scout Tower
06:52 Scout Tower
07:16 Castle
07:54 Guard Tower
07:54 Guard Tower
08:47 Guard Tower
09:35 Gryphon Aviary
09:38 Gryphon Aviary
11:51 Scout Tower
11:52 Scout Tower
11:52 Scout Tower
12:32 Guard Tower
12:32 Guard Tower
13:48 Farm
13:48 Farm
13:49 Farm
13:49 Farm
13:50 Farm
13:50 Farm
13:51 Farm
13:51 Farm
14:10 Guard Tower
14:43 Scout Tower
14:44 Scout Tower
14:44 Scout Tower
15:22 Guard Tower
15:35 Scout Tower
15:36 Scout Tower
15:37 Scout Tower
15:39 Scout Tower
15:40 Scout Tower
15:41 Scout Tower
15:42 Scout Tower
15:50 Guard Tower
16:18 Guard Tower
16:45 Guard Tower
16:51 Guard Tower
17:49 Guard Tower
18:49 Scout Tower
18:50 Scout Tower
18:50 Scout Tower
21:28 Guard Tower
21:31 Arcane Sanctum
21:49 Arcane Vault
22:17 Town Hall
23:14 Guard Tower
23:14 Guard Tower
23:38 Guard Tower
24:02 Scout Tower
24:02 Scout Tower
24:03 Scout Tower
24:04 Scout Tower
24:04 Scout Tower
24:05 Scout Tower
24:06 Scout Tower
24:06 Scout Tower
24:11 Scout Tower
24:11 Scout Tower
24:12 Scout Tower
24:12 Scout Tower
24:26 Guard Tower
24:26 Guard Tower
24:47 Guard Tower
24:48 Guard Tower
» items
| Scroll of Regeneration | 3 | |
| Lesser Clarity Potion | 3 | |
| Scroll of Town Portal | 2 | |
| Potion of Healing | 4 | |
| Staff of Teleportation | 1 | |
| Potion of Invisibility | 1 | |
| Ivory Tower | 5 | |
19 total

»
KisS.Mr-CrowLey (
teal | 62 APM | 1871 actions | 30:08)
5 Dreadlord
3 Vampiric Aura
2 Carrion Swarm
3 Lich
1 Frost Nova
2 Frost Armor
1 Archmage
1 Summon Water Elemental
» actions
| Assign group hotkey | 18 | |
| Basic commands | 6 | |
| Build / train | 79 | |
| Enter build submenu | 13 | |
| Enter hero's abilities submenu | 9 | |
| Give item / drop item | 2 | |
| Remove unit from queue | 2 | |
| Right click | 721 | |
| Select / deselect | 288 | |
| Select group hotkey | 630 | |
| Use ability | 103 | |
1871 total
» units
| Acolyte | 12 | |
| Ghoul | 5 | |
| Necromancer | 24 | |
| Gargoyle | 8 | |
| Gryphon Rider | 1 | |
50 total
» upgrades
| Unholy Strength | 3 | |
| Unholy Armor | 3 | |
| Necromancer Training | 2 | |
| Skeletal Longevity | 1 | |
| Skeletal Mastery | 1 | |
10 total
» buildings
| Altar of Darkness | 1 | |
| Ziggurat | 9 | |
| Crypt | 1 | |
| Halls of the Dead | 1 | |
| Graveyard | 1 | |
| Tomb of Relics | 1 | |
| Black Citadel | 1 | |
| Temple of the Damned | 2 | |
| Spirit Tower | 2 | |
19 total
» build order
00:07 Altar of Darkness
00:09 Ziggurat
00:12 Crypt
01:21 Ziggurat
02:30 Halls of the Dead
02:36 Graveyard
03:26 Tomb of Relics
06:32 Black Citadel
07:21 Temple of the Damned
07:24 Temple of the Damned
09:13 Ziggurat
09:15 Ziggurat
09:16 Ziggurat
09:17 Ziggurat
09:18 Ziggurat
12:42 Ziggurat
12:44 Ziggurat
17:33 Spirit Tower
17:58 Spirit Tower
» items
| Orb of Corruption | 1 | |
| Dust of Appearance | 1 | |
2 total
dilao (
red | 23 APM | 1109 actions | 47:49)
3 Blademaster
1 Wind Walk
2 Critical Strike
» actions
| Basic commands | 1 | |
| Build / train | 146 | |
| Enter build submenu | 58 | |
| Enter hero's abilities submenu | 3 | |
| Remove unit from queue | 4 | |
| Right click | 413 | |
| Select / deselect | 385 | |
| Use ability | 99 | |
1109 total
» units
| Peon | 18 | |
| Raider | 21 | |
| Wind Rider | 2 | |
| Mortar Team | 22 | |
| Demolisher | 7 | |
| Siege Engine | 12 | |
| Shaman | 6 | |
| Troll Headhunter/Berserker | 7 | |
| Crypt Fiend | 9 | |
| Peasant | 1 | |
105 total
» upgrades
| Melee Weapons | 3 | |
| Ranged Weapons | 3 | |
| Armor | 3 | |
| Pillage | 1 | |
| Ensnare | 1 | |
| Envenomed Spears | 1 | |
| Flare | 1 | |
| Fragmentation Shards | 1 | |
| Burning Oil | 1 | |
| Barrage | 1 | |
| Berserker Upgrade | 1 | |
| Web | 1 | |
18 total
» buildings
| Altar of Storms | 1 | |
| Orc Burrow | 9 | |
| War Mill | 1 | |
| Stronghold | 1 | |
| Fortress | 1 | |
| Great Hall | 3 | |
| Watch Tower | 23 | |
| Beastiary | 3 | |
| Barracks | 1 | |
| Workshop | 4 | |
| Guard Tower | 11 | |
| Scout Tower | 8 | |
| Town Hall | 1 | |
67 total
» build order
00:27 Altar of Storms
00:41 Orc Burrow
00:57 War Mill
02:44 Stronghold
03:18 Orc Burrow
04:25 Orc Burrow
05:21 Fortress
05:57 Great Hall
07:08 Great Hall
07:30 Watch Tower
07:49 Beastiary
07:55 Orc Burrow
08:28 Beastiary
09:19 Watch Tower
10:30 Orc Burrow
11:15 Watch Tower
11:40 Orc Burrow
13:36 Orc Burrow
13:52 Watch Tower
14:19 Beastiary
14:34 Orc Burrow
15:34 Watch Tower
15:42 Watch Tower
16:45 Watch Tower
17:11 Watch Tower
18:35 Great Hall
18:43 Watch Tower
19:53 Watch Tower
19:57 Watch Tower
21:25 Watch Tower
21:32 Watch Tower
23:01 Watch Tower
23:13 Barracks
23:28 Watch Tower
24:10 Watch Tower
24:17 Watch Tower
25:17 Watch Tower
25:21 Watch Tower
25:38 Workshop
25:41 Guard Tower
25:44 Guard Tower
25:46 Guard Tower
25:49 Guard Tower
25:51 Guard Tower
26:20 Workshop
26:24 Workshop
26:34 Guard Tower
27:07 Watch Tower
27:21 Workshop
27:34 Watch Tower
29:05 Orc Burrow
29:36 Watch Tower
43:16 Scout Tower
43:22 Watch Tower
44:03 Town Hall
44:46 Guard Tower
44:51 Scout Tower
45:18 Scout Tower
45:21 Scout Tower
45:29 Scout Tower
45:50 Guard Tower
46:00 Guard Tower
46:13 Scout Tower
46:39 Scout Tower
46:43 Guard Tower
47:03 Scout Tower
47:15 Guard Tower
» items
Chat log
(00:18 / All) redbull-warrior: flamechamp here, u know the drill sir
(00:23 / All) sc2no.wc4yes: lol
(00:28 / All) sc2no.wc4yes: copy
(00:29 / All) NlGGERS.: FUCK U
(01:00 / Allies) NlGGERS.: sc2nowc4yes uses maphack
(01:10 / Allies) sc2no.wc4yes: thats right
(01:10 / Allies) DaProblem101: cool..
(01:19 / Allies) NlGGERS.: aw yea
(01:22 / Allies) NlGGERS.: we gonna win
(01:34 / Allies) sc2no.wc4yes: odds are against that, i only win 49% of my games
(01:37 / Allies) NlGGERS.: do they just not care any more
(01:48 / Allies) sc2no.wc4yes: indeed they do not
(01:55 / Allies) NlGGERS.: thats pretty good considering youre playing with 7 other people who are all fucking idiots
(03:32 / Allies) NlGGERS.: is maphack even that much of an advantage
(03:39 / Allies) sc2no.wc4yes: not in 4v4 rt
(03:40 / Allies) NlGGERS.: in a 4v4 game
(03:55 / Allies) NlGGERS.: im surprised you havent been banned yet
(04:05 / Allies) sc2no.wc4yes: i have been
(04:10 / Allies) sc2no.wc4yes: just not lately
(04:20 / Allies) sc2no.wc4yes: i had the 1500 icon on this name and they banned it
(04:55 / Allies) NlGGERS.: just a fyi im at work tethering from my jailbroken iphone
(05:27 / Allies) NlGGERS.: forced tp
(05:27 / Allies) sc2no.wc4yes: i dont know what that means
(05:36 / Allies) sc2no.wc4yes: youre playing this game on an iphone remote link?
(05:39 / Allies) NlGGERS.: im using my phone to supply internet
(05:42 / Allies) sc2no.wc4yes: oh
(05:43 / Allies) sc2no.wc4yes: lol
(06:17 / Allies) NlGGERS.: green wtf are u doing
(06:21 / Allies) DaProblem101: ya...
(06:32 / Allies) sc2no.wc4yes: hes building an observatory
(06:36 / Allies) daddyo: hanging out
(06:45 / Allies) sc2no.wc4yes: once he gets magic sentry
(06:51 / Allies) sc2no.wc4yes: he will be able to reveal anywher ehe wants with those towers
(07:12 / Allies) daddyo: wtf
(11:06 / Allies) DaProblem101: god damn orange...
(12:19 / Allies) NlGGERS.: are you real life oj
(13:26 / Allies) DaProblem101: owl baby
(15:46 / Allies) NlGGERS.: any strat?
(18:27 / Allies) NlGGERS.: soooo
(18:36 / Allies) daddyo: rdy
(19:03 / Allies) daddyo: pink
(19:10 / Allies) DaProblem101: ?
(23:50 / Allies) NlGGERS.: so just waiting on all your gold mines to pan out oj
(25:04 / Allies) NlGGERS.: so is the strategy to stay under 49 and then mine the fuck out of all the mines and have ahuge amount of gold to fuck with
(25:27 / Allies) daddyo: if we were a team this would b over
(25:37 / Allies) NlGGERS.: can i get some gold
(25:38 / Allies) NlGGERS.: fuck lol
(25:44 / Allies) DaProblem101: all you're doing is running your mortars into the towers...
(25:56 / Allies) daddyo: u do nothing
(25:59 / Allies) DaProblem101: setting them up to die
(26:00 / Allies) NlGGERS.: gold please anyone
(26:08 / Allies) NlGGERS.: for my hero
(26:16 / Allies) DaProblem101: well, atleast wait for us, dont think you can take on all 4 of them and the towers
(26:21 / Allies) DaProblem101: im waiting for the okay to go
(26:24 / Allies) DaProblem101: not wasting my units
(26:50 / Allies) daddyo: u can controll me too
(27:00 / Allies) DaProblem101: lol
(30:15 / All) DaProblem101: gg
(31:20 / Allies) NlGGERS.: who is controlling green
(31:29 / Allies) DaProblem101: i guess orange?
(31:59 / All) sc2no.wc4yes: ME VS EVERYONE
(32:01 / All) sc2no.wc4yes: I DECLARE WAR ON MY TEAM
(32:29 / All) NlGGERS.: lol
(33:27 / Allies) DaProblem101: Orange, I'm sure you think it's funny...but truly, it's not.
(33:33 / Allies) DaProblem101: Just frickin win the game
(33:41 / Allies) DaProblem101: That's why you're under 49..
(34:12 / All) sc2no.wc4yes: AND SO BEGAN AN ERA OF PEACE
(34:18 / All) sc2no.wc4yes: WHEN NEITHER FORCE COULD AFFORD TO WAGE BATTLE AGAIN
(34:25 / All) sc2no.wc4yes: AND NONE DARED FACE THE MIGHT OF SC2NO THE ORC WARLORD
(34:26 / All) DaProblem101: I can...
(34:41 / All) DaProblem101: You're a nerd ain'tcha?
(34:57 / Allies) NlGGERS.: ojs raping im amuse dlol
(35:54 / Allies) NlGGERS.: oj you have so much resources
(36:03 / Allies) NlGGERS.: do you think you can make a tower on the entire map
(36:15 / Allies) DaProblem101: One big tower? Or many towers?...
(36:17 / Allies) sc2no.wc4yes: i only have enough gold for 80 more toers
(36:19 / Allies) sc2no.wc4yes: thats not very many
(37:12 / All) DaProblem101: God..you must be 12 years old..
(37:30 / All) DaProblem101: If you think that's fun, you win the game, and pres continue game
(37:32 / All) DaProblem101: And do that.
(37:43 / Allies) sc2no.wc4yes: its not fun without the human interaction
(37:51 / Allies) sc2no.wc4yes: its either i do this or i skin my neighbors cats
(37:54 / Allies) DaProblem101: Then get friends in real life?
(37:59 / Allies) sc2no.wc4yes: gotta get that sociopathy out of my system somehow
(38:44 / Allies) NlGGERS.: hey im trying to make you lumber slut
(38:51 / Allies) DaProblem101: orange
(39:01 / Allies) DaProblem101: If we lose now, I hope you're happy
(39:10 / Allies) sc2no.wc4yes: redbull was supposed to be in on this plot
(39:12 / Allies) sc2no.wc4yes: but he lagged out
(39:19 / Allies) sc2no.wc4yes: in the start he said "you know what to do"
(39:21 / Allies) DaProblem101: Should I care?
(39:29 / Allies) sc2no.wc4yes: your fate as sealed
(39:32 / Allies) sc2no.wc4yes: the moment he said it
(39:40 / Allies) DaProblem101: God damn you're a nerd...
(40:48 / Allies) DaProblem101: omfg
(40:53 / Allies) DaProblem101: go destroy the bases
(40:55 / Allies) NlGGERS.: rofl
(41:01 / Allies) DaProblem101: my friends wants to play basketball...
(41:11 / Allies) NlGGERS.: you are weird oj
(41:16 / Allies) sc2no.wc4yes: i would go if i were you
(41:20 / Allies) sc2no.wc4yes: too much video games is bad for you
(41:22 / Allies) DaProblem101: He's aggravating, that's the word.
(43:30 / Allies) sc2no.wc4yes: not sure what to do next
(43:37 / Allies) DaProblem101: maybe go?...
(43:50 / Allies) sc2no.wc4yes: if flamechamp wre here he would tell me
(43:57 / Allies) NlGGERS.: kill all of his shit
(44:00 / Allies) NlGGERS.: except one
(44:03 / Allies) NlGGERS.: and then go ark
(44:04 / Allies) NlGGERS.: afk
(46:46 / All) DaProblem101: Did everyone become a nerd on this game the 3 years I was gone? Or am I just unlucky?